 Dungeon Crawl Stone Soup version 0.26-a0-661-g406de6ba63 (webtiles) character file.

Game seed: 13785838444154867241

47930 DogServant the Geomancer (level 14, -2/86 HPs)
             Began as a Gargoyle Earth Elementalist on Oct 9, 2020.
             Was a High Priest of Ashenzari.
             Slain by a naga warrior
             ... wielding a +0 flail
              (13 damage)
             ... on level 1 of the Snake Pit.
             The game lasted 00:56:56 (19827 turns).

DogServant the Geomancer (GrEE)                    Turns: 19827, Time: 00:56:57

Health: -2/86      AC: 22    Str: 12    XL:     14   Next: 44%
Magic:  18/26      EV: 14    Int: 24    God:    Ashenzari [*****.]
Gold:   1524       SH:  6    Dex: 11    Spells: 16/29 levels left

rFire    . . .     SeeInvis +   B - +5 long sword of Kuycall {flame, rN+ MR+ Int+4 SInv} (curse)
rCold    . . .     Faith    .   n - +1 buckler (curse)
rNeg     + + .     Spirit   .   Y - +0 ring mail {MR+}
rPois    ∞         Reflect  .   H - +1 hat (curse)
rElec    +         Harm     .   P - +0 cloak
rCorr    .         Rampage  .   m - +0 pair of gloves
MR       ++++.     Clarity  +   l - +1 pair of boots (curse)
Stlth    ++........             k - amulet of magic regeneration (curse)
HPRegen  0.24/turn              y - +4 ring of evasion
MPRegen  0.45/turn              w - ring of protection from magic (curse)

@: mighty, constricted
A: big wings, negative energy resistance 1, electricity resistance, unbreathing,
petrification resistance, rot immunity, AC +10
a: Fly, Curse Item, Scrying, Transfer Knowledge, Renounce Religion


You were on level 1 of the Snake Pit.
You worshipped Ashenzari.
Ashenzari was extremely pleased with you.
You visited 4 branches of the dungeon, and saw 19 of its levels.

You collected 1788 gold pieces.
You spent 264 gold pieces at shops.

Inventory:

Hand Weapons
 i - a cursed +3 whip of electrocution
 j - a +1 whip of venom
 B - the cursed +5 long sword of Kuycall (weapon) {flame, rN+ MR+ Int+4 SInv}
   (You found it on level 8 of the Dungeon)

   It has been specially enchanted to burn those struck by it, causing extra
   injury to most foes and up to half again as much damage against particularly
   susceptible opponents.
   Big, fiery blades are also staple armaments of hydra-hunters.
   It affects your intelligence (+4).
   It protects you from negative energy.
   It affects your resistance to hostile enchantments.
   It lets you see invisible.
   It has a curse placed upon it.
Missiles
 b - 87 stones (quivered)
Armour
 c - a +0 robe
 l - a cursed +1 pair of boots (worn)
 m - a +0 pair of gloves (worn)
 n - a cursed +1 buckler (worn)
 E - a +0 leather armour
 H - a cursed +1 hat (worn)
 P - a +0 cloak (worn)
 V - a +0 robe of the Archmagi
 Y - a +0 ring mail of magic resistance (worn)
Jewellery
 a - a +4 ring of protection
 h - an uncursed amulet of regeneration
 k - a cursed amulet of magic regeneration (around neck)
 o - an uncursed ring of ice
 w - a cursed ring of protection from magic (right hand)
 x - an uncursed ring of positive energy
 y - a +4 ring of evasion (left hand)
 C - a +6 ring of strength
 S - a +4 ring of protection
 X - an uncursed ring of positive energy
Wands
 u - a wand of flame (16)
 F - a wand of iceblast (9)
 G - a wand of polymorph (3)
 N - a wand of paralysis (17)
 W - a wand of random effects (9)
 Z - a wand of acid (5)
Scrolls
 d - 5 scrolls of teleportation
 r - 5 scrolls of amnesia
 z - 2 scrolls of immolation
 A - 5 scrolls of magic mapping
 J - 2 scrolls of identify
 K - 2 scrolls of enchant armour
 L - 3 scrolls of summoning
 R - a scroll of enchant weapon
 T - 2 scrolls of fog
 U - a scroll of remove curse
Potions
 e - 2 potions of ambrosia
 f - 2 potions of mutation
 g - 5 potions of lignification
 p - 2 potions of brilliance
 q - a potion of cancellation
 s - 4 potions of stabbing
 t - 3 potions of might
 v - 4 potions of flight
 D - 4 potions of degeneration
 I - a potion of berserk rage
 M - 2 potions of haste
 O - a potion of curing
 Q - 2 potions of invisibility


   Skills:
 - Level 9.5 Fighting
 - Level 6.9(11.0) Long Blades
 - Level 0.6 Maces & Flails
 - Level 6.0 Armour
 - Level 6.8 Dodging
 - Level 4.1 Stealth
 - Level 4.0(6.4) Shields
 + Level 8.3 Spellcasting
 - Level 8.1(10.7) Conjurations
 + Level 7.8(10.5) Transmutations
 + Level 13.9(16.1) Earth Magic
 - Level 4.5(7.1) Evocations


You had 16 spell levels left.
You knew the following spells:

 Your Spells              Type           Power        Failure   Level
a - Sandblast             Erth           ######       0%          1
b - Stone Arrow           Conj/Erth      ######       1%          3
c - Lee's Rapid Deconstr  Erth           ######....   1%          5
d - Petrify               Tmut/Erth      ######..     1%          4

Your spell library contained the following spells:

 Spells                   Type           Power        Failure   Level
 Passwall                 Tmut/Erth      ######..     1%          2
 Animate Skeleton         Necr           ##....       11%         1
 Apportation              Tloc           ##....       11%         1
 Corona                   Hex            ##.....      11%         1
 Pain                     Necr           ##..         11%         1
 Summon Small Mammal      Summ           ##..         11%         1
 Vampiric Draining        Necr           ##........   32%         3
 Animate Dead             Necr           ##........   73%         4
 Agony                    Necr           ##......     97%         5


Dungeon Overview and Level Annotations

Branches:
Dungeon (11/15)            Temple (0/1) D:5            Lair (5/6) D:11
  Swamp (0/4) Lair:2        Snake (1/4) Lair:3          Orc (2/2) D:9
    Elf (0/3) Orc:2
  Slime: Lair:5-6

Altars:
Ashenzari
Cheibriados
Dithmenos
Gozag
Kikubaaqudgha
Nemelex Xobeh
Qazlal
Ru
Sif Muna
Vehumet
Wu Jian
Zin
Beogh

Shops:
D:4 !   Orc:2 !}*?!

Annotations:
Lair:3 1 runed translucent door, fritzmikael's ghost, journeyman DsFi


Innate Abilities, Weirdness & Mutations

You are resistant to torment.
Your stone body is resilient. (AC +10)
You are immune to poison.
Your large and strong wings let you fly indefinitely.
You resist negative energy. (rN+)
You are resistant to electric shocks. (rElec)
You can survive without breathing.
You are immune to petrification.
You are immune to rotting.


Message History

You block the black mamba's attack.
The naga warrior hits you but does no damage.
The naga warrior hits you with a +0 flail!!
* * * LOW HITPOINT WARNING * * *
The naga warrior constricts you. The black mamba bites you!
* * * LOW HITPOINT WARNING * * *
The naga warrior closely misses you.
You riposte.
You slash the naga warrior! You burn the naga warrior.
The naga warrior is lightly wounded.
Okay, then.
Okay, then.
You feel better. You block the black mamba's attack.
You block the naga warrior's attack.
The guardian serpent casts a spell at you.
The bolt of poison hits the black mamba!
The black mamba dies!
The bolt of poison hits you but does no damage.
You resist.
The naga warrior hits you with a +0 flail!
You die...

, * * #......N# *
*{ ,, * , , ,, ,,*
####.#..# * * ***
#.#..#, ,, , ,, ,*
* #.#.(# * ** ,
*,* #.#..# *, *
#/...#### *** * *
##S#....., , ,, ,
* **** *
########.#..#####
* * ,,,
......N@N........,
, ,,,
########N.#.###
**** * , , ,
##.#.# , ,, #...
** *, ##..# **
*..# * , , ...,* *
, *** ###. * * *
*, {, {..*.. , ,


You could see 3 naga warriors and a guardian serpent.

Vanquished Creatures
  Gastronok (D:8)
  A stone giant (Orc:2)
  Fannar (Lair:2)
  A boulder beetle (Lair:4)
  Harold (D:7)
  6 hydras
  4 two-headed ogres
  Erica (Lair:2)
  A shock serpent (Snake:1)
  Urug (Lair:3)
  An orc high priest (Orc:2)
  3 orc knights
  Pikel (D:5)
  10 orc sorcerers
  An oklob plant (D:11)
  Maurice (D:10)
  An elephant (Lair:5)
  6 black mambas
  Psyche (D:11)
  A torpor snail (Lair:5)
  A gargoyle (D:10)
  8 cane toads
  A rime drake (Lair:5)
  9 komodo dragons
  4 trolls
  2 polar bears
  A hornet (D:11)
  Grinder (D:4)
  5 dream sheep (Lair:4)
  3 blink frogs (Lair:2)
  17 yaks
  2 wyverns
  A fire elemental (Lair:4)
  3 basilisks
  2 vampire mosquitoes (Lair:2)
  4 nagas (Lair:3)
  2 insubstantial wisps (Lair:2)
  13 wargs
  10 water moccasins
  13 orc warriors
  3 black bears
  A swamp drake (Lair:2)
  6 necrophages
  6 ice beasts
  4 sky beasts
  9 ogres
  9 wolves
  3 centaurs
  2 lemures (D:5)
  A big kobold (D:8)
  2 gnoll sergeants
  8 bullfrogs
  3 scorpions
  A water moccasin skeleton (D:5)
  14 killer bees
  7 wights
  3 electric eels
  A howler monkey (D:5)
  A centaur zombie (D:11)
  3 bullfrog zombies
  A quasit (D:11)
  5 hounds
  2 centaur skeletons
  11 orc priests
  A jelly (D:11)
  A bullfrog skeleton (D:10)
  3 iguanas
  42 orc wizards
  4 worker ants
  A killer bee zombie (D:5)
  A hound skeleton (D:6)
  2 hound zombies
  2 howler monkey skeletons
  A worker ant zombie (D:7)
  8 gnolls
  12 adders
  5 shadow imps
  4 white imps
  An ufetubus (D:6)
  An ooze (D:2)
  An adder zombie (D:9)
  An adder skeleton (D:4)
  4 worms
  3 dart slugs
  7 leopard geckos
  83 orcs
  2 bats
  2 bat zombies (D:7)
  2 giant cockroaches
  5 goblins
  A hobgoblin (D:1)
  9 jackals
  2 quokkas
  2 ball pythons
  2 frilled lizards
  A jackal skeleton (D:8)
  13 kobolds
  A leopard gecko skeleton (D:4)
  A leopard gecko zombie (D:8)
  2 quokka zombies
  11 rats
  A rat zombie (D:7)
497 creatures vanquished.

Vanquished Creatures (collateral kills)
  A basilisk (Lair:2)
1 creature vanquished.

Vanquished Creatures (others)
  A black mamba (Snake:1)
  An orc wizard (Orc:2)
  5 fungi
  11 plants
  7 withered plants (D:8)
25 creatures vanquished.

Grand Total: 523 creatures vanquished

Notes
Turn   | Place    | Note
-------+----------+-------------------------------------------
     0 | D:1      | DogServant the Gargoyle Earth Elementalist began the quest
                  | for the Orb.
     0 | D:1      | Reached XP level 1. HP: 10/10 MP: 3/3
    18 | D:1      | Found a broken altar of Ashenzari.
   103 | D:1      | Reached skill level 4 in Earth Magic
   109 | D:1      | Reached XP level 2. HP: 13/15 MP: 5/5
   514 | D:1      | Became a worshipper of Ashenzari the Shackled
   751 | D:2      | Reached XP level 3. HP: 14/19 MP: 6/6
  1216 | D:2      | Reached XP level 4. HP: 23/24 MP: 7/7
  1296 | D:2      | Reached skill level 1 in Fighting
  1296 | D:2      | Reached skill level 1 in Shields
  1687 | D:3      | Learned a level 3 spell: Stone Arrow
  1833 | D:3      | Noticed a bullfrog
  1839 | D:3      | Killed a bullfrog
  1839 | D:3      | Reached skill level 1 in Conjurations
  1839 | D:3      | Reached skill level 5 in Earth Magic
  1839 | D:3      | Reached XP level 5. HP: 30/30 MP: 5/8
  1864 | D:3      | Reached * piety under Ashenzari
  2506 | D:4      | Reached XP level 6. HP: 30/36 MP: 7/9
  2889 | D:4      | Found Araonlux's Distillery.
  3153 | D:4      | Noticed Grinder
  3165 | D:4      | Paralysed by Grinder for 6 turns
  3170 | D:4      | Killed Grinder
  3170 | D:4      | Reached skill level 6 in Earth Magic
  3170 | D:4      | Reached XP level 7. HP: 23/42 MP: 4/10
  3832 | D:5      | Entered Level 5 of the Dungeon
  3848 | D:5      | Learned a level 5 spell: Lee's Rapid Deconstruction
  4198 | D:5      | Reached XP level 8. HP: 48/48 MP: 9/11
  4225 | D:5      | Noticed Pikel
  4338 | D:5      | Found a sacrificial altar of Ru.
  4371 | D:5      | Reached ** piety under Ashenzari
  4386 | D:5      | Reached skill level 5 in Fighting
  4430 | D:5      | Killed Pikel
  4430 | D:5      | Reached skill level 5 in Conjurations
  4430 | D:5      | Reached skill level 7 in Earth Magic
  4885 | D:5      | Found a staircase to the Ecumenical Temple.
  5013 | D:6      | Reached XP level 9. HP: 54/54 MP: 7/15
  5340 | D:6      | Reached skill level 8 in Earth Magic
  5562 | D:6      | Reached skill level 5 in Spellcasting
  5712 | D:6      | Learned a level 4 spell: Petrify
  5799 | D:7      | Found an ancient bone altar of Kikubaaqudgha.
  6060 | D:7      | Found a shadowy altar of Dithmenos.
  6108 | D:7      | Reached skill level 9 in Earth Magic
  6631 | D:7      | Noticed Harold
  6707 | D:8      | Found the ring of Phasing {EV+8}
  6758 | D:8      | Reached XP level 10. HP: 59/59 MP: 15/19
  6913 | D:8      | Noticed Gastronok
  7130 | D:8      | Identified the +5 long sword of Kuycall {flame, rN+ MR+
                  | Int+4 SInv}
  7194 | D:8      | Killed Gastronok
  7194 | D:8      | Reached skill level 10 in Earth Magic
  7370 | D:8      | Found a glowing silver altar of Zin.
  8413 | D:9      | Noticed a two-headed ogre
  8432 | D:9      | Killed a two-headed ogre
  8432 | D:9      | Reached XP level 11. HP: 64/64 MP: 10/20
  8561 | D:9      | Noticed a two-headed ogre
  8567 | D:9      | Killed a two-headed ogre
  8629 | D:9      | Reached *** piety under Ashenzari
  8920 | D:9      | Found a staircase to the Orcish Mines.
  9096 | D:9      | Found a snail-covered altar of Cheibriados.
  9110 | D:9      | Found a sacrificial altar of Ru.
  9110 | D:9      | Found a shimmering blue altar of Sif Muna.
  9111 | D:9      | Found a sparkling altar of Nemelex Xobeh.
  9221 | D:9      | Found an opulent altar of Gozag.
  9222 | D:9      | Found a stormy altar of Qazlal.
  9332 | D:9      | Found a radiant altar of Vehumet.
  9378 | D:10     | Entered Level 10 of the Dungeon
  9653 | D:10     | Found a shimmering blue altar of Sif Muna.
  9806 | D:10     | Noticed Maurice
  9862 | D:10     | Killed Maurice
  9928 | D:10     | Reached skill level 11 in Earth Magic
 10115 | D:10     | Noticed a two-headed ogre
 10120 | D:10     | Killed a two-headed ogre
 10303 | D:11     | Reached skill level 5 in Armour
 10453 | D:11     | Noticed a two-headed ogre
 10705 | D:11     | Killed a two-headed ogre
 10805 | D:11     | Found a staircase to the Lair.
 10808 | D:11     | Noticed Psyche
 10809 | D:11     | Noticed an oklob plant
 10817 | D:11     | Killed Psyche
 10817 | D:11     | Reached XP level 12. HP: 72/72 MP: 11/21
 10847 | D:11     | Noticed a boulder beetle
 11185 | D:7      | Found an ornate altar of the Wu Jian Council.
 11285 | D:7      | Killed Harold
 11625 | D:11     | Reached skill level 5 in Dodging
 11641 | Lair:1   | Entered Level 1 of the Lair of Beasts
 11797 | Lair:1   | Noticed an eight-headed hydra
 11806 | Lair:1   | Killed an eight-headed hydra
 12125 | Lair:1   | Reached **** piety under Ashenzari
 12149 | Lair:1   | Reached skill level 5 in Long Blades
 12624 | Lair:2   | Noticed Erica
 12630 | Lair:2   | Killed Erica
 12630 | Lair:2   | Reached skill level 5 in Transmutations
 12862 | Lair:2   | Found a staircase to the Swamp.
 12963 | Lair:2   | Noticed a six-headed hydra
 12971 | Lair:2   | Killed a six-headed hydra
 13141 | Lair:2   | Noticed Fannar
 13141 | Lair:2   | Reached skill level 12 in Earth Magic
 13162 | Lair:2   | Killed Fannar
 13403 | Lair:2   | Reached skill level 1 in Evocations
 13776 | Lair:3   | Noticed a seven-headed hydra
 13781 | Lair:3   | Killed a seven-headed hydra
 13781 | Lair:3   | Reached XP level 13. HP: 80/80 MP: 17/23
 13958 | Lair:3   | Found a staircase to the Snake Pit.
 14355 | Lair:3   | Noticed fritzmikael's ghost (journeyman DsFi)
 14358 | Lair:3   | Found a runed translucent door.
 14405 | Lair:3   | Noticed Urug
 14433 | Lair:3   | Killed Urug
 15367 | Lair:4   | Reached ***** piety under Ashenzari
 16918 | Orc:1    | Entered Level 1 of the Orcish Mines
 16975 | Orc:1    | Reached skill level 13 in Earth Magic
 17744 | Orc:2    | Entered Level 2 of the Orcish Mines
 17750 | Orc:2    | Found Piosamp's General Store.
 17838 | Orc:1    | Gained mutation: Your large and strong wings let you fly
                  | indefinitely. [Gargoyle growth]
 17838 | Orc:1    | Reached XP level 14. HP: 71/86 MP: 4/24
 17908 | Orc:2    | Found a staircase to the Elven Halls.
 18102 | Orc:2    | Found a roughly hewn altar of Beogh.
 18424 | Orc:2    | Found Aniagoil's Gadget Shoppe.
 18472 | Orc:2    | Found Tiodaf's Distillery.
 18489 | Orc:2    | Bought a wand of acid (7) for 264 gold pieces
 18677 | Orc:2    | Noticed a stone giant
 18729 | Orc:2    | Killed a stone giant
 18982 | Orc:2    | Found Babru's Magic Scroll Shop.
 19031 | Orc:2    | Found Fumoniakkaf's Distillery.
 19803 | Snake:1  | Entered Level 1 of the Snake Pit
 19827 | Snake:1  | Slain by a naga warrior

Illustrated notes

Levels and vault maps discovered:
D:1:      psy_arrival_whirlpool, layout_rooms, evilmike_ruin_ashenzari
D:2:      layout_basic
D:3:      layout_basic
D:4:      layout_loops_ring, serial_shops, shop, hangedman_decor_diamond_cutter,
          uniq_grinder
D:5:      layout_basic, minmay_temple_entry_fiery, hangedman_ru_absence,
          uniq_pikel
D:6:      layout_cave_pools, dk_noncrumbling_2, st_stairs_13, minivault_25
D:7:      layout_basic, lemuel_zombie_altar_kikubaaqudgha, kennysheep_mini_moat,
          nicolae_dithmenos_shadow_blocks, uniq_harold
D:8:      layout_layer_cave, basic_altar, serial_undead, serial_undead_b,
          serial_undead_d, serial_undead_f, serial_undead_f, serial_undead_e,
          serial_undead_b, due_unseen_surprise, uniq_gastronok
D:9:      layout_gridville, nicolae_overflow_hidden_temple, marbit_many_paths,
          cheibriados_altar_1, orc_0_dummy
D:10:     layout_loops_ring, basic_altar, uniq_maurice
D:11:     layout_rooms, dpeg_oklobed_lair, chequers_serial_rivers_room_a,
          st_stairs_12, uniq_psyche
Lair:1:   layout_hall_layers
Lair:2:   layout_hall_layers, swamp_mist_pool, pond, uniq_fannar, uniq_erica
Lair:3:   layout_chaotic_city, minmay_snake_entry_guardpost_small,
          hellmonk_ghost_happy_afterlife, infiniplex_staircase_pool_2,
          grunt_megastairs_2, uniq_urug
Lair:4:   layout_gridlike, grunt_megastairs_1
Lair:5:   layout_gridlike, nzn_random_ring, infiniplex_staircase_pool,
          grunt_megastairs_3, serial_bayou_shore_a
Snake:1:  layout_basic, guppyfry_library_mini, minmay_shoptagon
Orc:1:    layout_caves
Orc:2:    st_orc_town, layout_caves, serial_shops, shop

Skill      XL: |  1  2  3  4  5  6  7  8  9 10 11 12 13 14 |
---------------+-------------------------------------------+-----
Earth Magic    | 4 5 6 7 9 10 11 12 13 | 13.9
Dodging        | 2 3 4 5 6 |  6.8
Fighting       | 1 2 3 4 5 6 7 8 9 |  9.5
Shields        | 1 2 3 4 |  4.0
Conjurations   | 1 3 5 7 8 |  8.1
Spellcasting   | 4 6 7 8 |  8.3
Long Blades    | 2 4 5 6 |  6.9
Armour         | 3 5 6 |  6.0
Transmutations | 2 4 5 6 7 |  7.8
Stealth        | 3 4 |  4.1
Evocations     | 1 4 |  4.5
Maces & Flails | |  0.6

Action                   |  1- 3 |  4- 6 |  7- 9 | 10-12 | 13-15 || total
-------------------------+-------+-------+-------+-------+-------++-------
Melee: Dagger            |    25 |       |       |       |       ||    25
       Unarmed           |     5 |       |       |       |       ||     5
       Whip              |    66 |    33 |    84 |     9 |       ||   192
       Long sword        |       |       |       |   242 |   263 ||   505
 Cast: Sandblast         |     5 |    66 |   100 |   110 |   146 ||   427
       Stone Arrow       |       |     2 |    42 |   137 |   127 ||   308
       Lee's Rapid Decon |       |       |       |     9 |    24 ||    33
       Petrify           |       |       |       |     2 |     4 ||     6
Invok: Curse Item        |     1 |       |     2 |     5 |     1 ||     9
       Scrying           |       |       |       |       |     1 ||     1
Evoke: Wand              |       |       |       |     5 |     7 ||    12
  Use: Scroll            |     1 |     1 |    16 |    13 |     7 ||    38
       Potion            |       |       |       |     3 |     4 ||     7
 Stab: Sleeping          |     4 |     2 |     1 |     1 |       ||     8
       Petrified         |       |       |       |     7 |     2 ||     9
       Paralysed         |       |       |       |       |    12 ||    12
Armor: Robe              |    28 |    14 |    36 |     9 |       ||    87
       Leather armour    |       |       |       |   130 |   125 ||   255
       Ring mail         |       |       |       |       |    13 ||    13
Dodge: Dodged            |    61 |    34 |   117 |   330 |   329 ||   871
Block: Buckler           |     7 |    14 |    36 |   115 |   125 ||   297
       Rpst.: Long sword |       |       |       |    93 |    92 ||   185

Table legend: (Time is in decaauts)
 A = Elapsed time spent in this place.
 B = Non-inter-level travel time spent in this place.
 C = Inter-level travel time spent in this place.
 D = Time resting spent in this place.
 E = Time spent auto-exploring this place.
 F = Levels seen in this place.
 G = Mean time per level.
                   A        B        C        D        E       F      G
               +--------+--------+--------+--------+--------+-----+--------+
         Total |  19870 |  18695 |   1175 |   4180 |  10961 |  19 | 1045.8 |
       Dungeon |  12225 |  11371 |    854 |   2195 |   7040 |  11 | 1111.4 |
          Lair |   5294 |   5067 |    227 |   1278 |   3039 |   5 | 1058.8 |
     Snake Pit |     23 |     23 |      0 |      0 |      0 |   1 |   23.0 |
  Orcish Mines |   2326 |   2233 |     93 |    707 |    882 |   2 | 1163.0 |
               +--------+--------+--------+--------+--------+-----+--------+

Top non-repeatable levels by time:
     D:9: 1674 daAuts
     D:8: 1615 daAuts
  Lair:4: 1569 daAuts
   Orc:2: 1541 daAuts
  Lair:3: 1334 daAuts
     D:4: 1263 daAuts
     D:7: 1237 daAuts
  Lair:2: 1212 daAuts
     D:5: 1187 daAuts
     D:2: 1079 daAuts
    D:10: 1055 daAuts
  Lair:1: 991 daAuts
     D:3: 957 daAuts
    D:11: 817 daAuts
   Orc:1: 785 daAuts
